 Dungeon Crawl Stone Soup version 0.30-a0-845-g7c6808c8ce (webtiles) character file.

Game seed: 11664839756842456629

133 BubbleThief the Cudgeller (level 4, -2/41 HPs)
             Began as a Minotaur Gladiator on Mar 3, 2023.
             Killed from afar by an orc wizard (5 damage)
             ... with a magic dart
             ... on level 3 of the Dungeon.
             The game lasted 00:02:34 (2299 turns).

BubbleThief the Cudgeller (Minotaur Gladiator)      Turns: 2299, Time: 00:02:35

Health: -2/41      AC:  4    Str: 21    XL:     4   Next: 94%
Magic:  0/3        EV: 12    Int:  5    God:
Gold:   132        SH:  0    Dex: 11    Spells: 3/3 levels left

rFire   . . .      SeeInvis .    a - +0 flail
rCold   . . .      Faith    .    (no shield)
rNeg    . . .      Spirit   +    b - +0 leather armour
rPois   .          Reflect  .    c - +0 hat
rElec   .          Rampage  .    o - +0 cloak
rCorr   .                        (no gloves)
Will    .....                    (no boots)
Stlth   +                        i - amulet of guardian spirit
HPRegen 0.26/turn                (no ring)
MPRegen 0.08/turn                (no ring)

@: no status effects
A: horns 2, retaliatory headbutt
a: no special abilities


You were on level 3 of the Dungeon.
You visited 1 branch of the dungeon, and saw 3 of its levels.

You collected 132 gold pieces.

Inventory:

Hand Weapons
 a - a +0 flail (weapon)
Missiles
 d - 2 throwing nets (quivered)
 e - a javelin
Armour
 b - a +0 leather armour (worn)
 c - a +0 hat (worn)
 o - a +0 cloak (worn)
Jewellery
 i - an amulet of guardian spirit (around neck)
Scrolls
 f - 2 scrolls of identify {unknown}
 h - a scroll of fear {unknown}
 j - a scroll of noise {unknown}
 k - a scroll of teleportation {unknown}
 m - a scroll of enchant armour {unknown}
Potions
 g - a potion of haste {unknown}
 l - a potion of curing {unknown}
 n - a potion of flight {unknown}


   Skills:
 + Level 4.7 Fighting
 + Level 5.5 Maces & Flails
 - Level 2.0 Throwing
 - Level 3.2 Dodging


You had 3 spell levels left.
You didn't know any spells.
Your spell library was empty.

Dungeon Overview and Level Annotations

Branches:
Dungeon (3/15)

Altars:

Shops:
D:1 *


Innate Abilities, Weirdness & Mutations

You have a pair of horns on your head.
You reflexively headbutt those who attack you in melee.


Message History

You hear some strange, mumbled words.
A puff of flame appears from out of thin air!
The puff of flame hits you.
* * * LOW HITPOINT WARNING * * *
You bump into the rock wall.
You bump into the rock wall.
You feel less confused.
A magic dart appears from out of thin air!
The magic dart hits you.
* * * LOW HITPOINT WARNING * * *
Something hits you.
* * * LOW HITPOINT WARNING * * *
You miss something. Your headbutt misses something. Something hits you.
* * * LOW HITPOINT WARNING * * *
Throw: 3 throwing nets
Press: ? - help, Q - select action, (/) - cycle Shift-Dir - straight line You throw a throwing net.
Something gets caught in the net!
You hear some strange, mumbled words.
Something tries to affect you, but you resist.
Something wriggles in the net.
You barely miss something. Your headbutt misses something. You hit something.
You hear some strange, mumbled words.
A magic dart appears from out of thin air!
The magic dart hits you.
* * * LOW HITPOINT WARNING * * *
Something wriggles in the net.
You hit something but do no damage. Your headbutt misses something.
You hit something but do no damage.
Something wriggles in the net.
You sock something!
Something wriggles in the net.
All of a sudden the net rips apart!
You closely miss something.
You hear some strange, mumbled words.
A puff of flame appears from out of thin air!
The puff of flame misses you.
You closely miss something.
You hear some strange, mumbled words.
A magic dart appears from out of thin air!
The magic dart hits you!
You die...

#..>.....####.#
#........# #.#
#........# #.#
#........# #.#
#........# #.#
#........# #.#
#.# #.# #@# #{#
.....!.o†......
#######.#######
#.# #.. ###


You could see an orc.

Vanquished Creatures
  Robin (D:2)
  5 adders
  A worm (D:2)
  2 orcs (D:3)
  5 ball pythons
  5 endoplasms
  A giant cockroach (D:2)
  17 goblins
  7 hobgoblins
  4 jackals (D:1)
  6 kobolds
  3 quokkas
  5 bats (D:1)
  A frilled lizard (D:1)
  3 rats
66 creatures vanquished.

Notes
Turn   | Place    | Note
-------+----------+-------------------------------------------
     0 | D:1      | BubbleThief the Minotaur Gladiator began the quest for the
                  | Orb.
     0 | D:1      | Reached XP level 1. HP: 18/18 MP: 0/0
    14 | D:1      | Found Coefeit's Assorted Antiques.
    52 | D:1      | Reached skill level 4 in Maces & Flails
    52 | D:1      | Reached XP level 2. HP: 25/25 MP: 1/1
  1031 | D:2      | Reached XP level 3. HP: 31/31 MP: 2/2
  1355 | D:2      | Reached XP level 4. HP: 40/40 MP: 3/3
  1375 | D:2      | Reached skill level 5 in Maces & Flails
  1492 | D:2      | Noticed Robin
  1515 | D:2      | Killed Robin
  2294 | D:3      | HP: 2/41 [something/magic dart (4)]
  2299 | D:3      | Killed from afar by an orc wizard

Illustrated notes

Levels and vault maps discovered:
D:1:      dpeg_arrival_connections, layout_basic, serial_shops, shop_statue
D:2:      layout_basic, uniq_robin
D:3:      layout_basic, minivault_14

Skill      XL: |  1  2  3  4 |
---------------+-------------+-----
Maces & Flails | 4 5 |  5.5
Fighting       | 3 4 |  4.7
Throwing       | |  2.0
Dodging        | |  3.2

Action                     |  1- 3 |  4- 6 || total
---------------------------+-------+-------++-------
  Melee: Flail             |    65 |    72 ||   137
         Headbutt          |     9 |     6 ||    15
  Throw: Throwing net      |       |     1 ||     1
 Armour: Leather armour    |    16 |    20 ||    36
  Dodge: Dodged            |    61 |    48 ||   109

Table legend: (Time is in decaauts)
 A = Elapsed time spent in this place.
 B = Non-inter-level travel time spent in this place.
 C = Inter-level travel time spent in this place.
 D = Time resting spent in this place.
 E = Time spent auto-exploring this place.
 F = Levels seen in this place.
 G = Mean time per level.
                   A        B        C        D        E       F      G
               +--------+--------+--------+--------+--------+-----+--------+
         Total |   2320 |   2249 |     71 |      0 |   1876 |   3 |  773.3 |
       Dungeon |   2320 |   2249 |     71 |      0 |   1876 |   3 |  773.3 |
               +--------+--------+--------+--------+--------+-----+--------+

Top non-repeatable levels by time:
     D:2: 986 daAuts
     D:1: 913 daAuts
     D:3: 420 daAuts
